 Dungeon Crawl Stone Soup version 0.30-b1-2-g02819fbbbe (webtiles) character file.

Game seed: 15646523153186324519

6 sanka the Grave Robber (level 1, -3/13 HPs)
             Began as a Barachi Necromancer on May 6, 2023.
             Killed from afar by a dart slug (6 damage)
             ... with a slug dart
             ... on level 1 of the Dungeon.
             The game lasted 00:00:25 (109 turns).

sanka the Grave Robber (Barachi Necromancer)         Turns: 109, Time: 00:00:26

Health: -3/13      AC:  2    Str:  9    XL:     1   Next: 90%
Magic:  1/3        EV: 12    Int: 15    God:
Gold:   0          SH:  0    Dex: 12    Spells: 3/4 levels left

rFire   . . .        (no weapon)
rCold   . . .        (no shield)
rNeg    . . .        a - +0 robe
rPois   .            (no helmet)
rElec   .            (no cloak)
rCorr   .            (no gloves)
SInv    .            (no boots)
Will    .....        (no amulet)
Stlth   ++           (no ring)
HPRegen 0.22/turn    (no ring)
MPRegen 0.08/turn

%: no passive effects
@: slow
A: amphibious, slowness 1, strong legs 1, +LOS
a: Hop


You were on level 1 of the Dungeon.
You visited 1 branch of the dungeon, and saw 1 of its levels.

Inventory:

Armour
 a - a +0 robe (worn)
Scrolls
 c - a scroll of enchant armour {unknown}
 d - a scroll of noise {unknown}
Potions
 b - a potion of magic


   Skills:
 - Level 2.1 Dodging
 - Level 1.7 Stealth
 + Level 2.4 Spellcasting
 + Level 3.7 Necromancy


You had 3 spell levels left.
You knew the following spells:

 Your Spells              Type           Power      Damage    Failure   Level
a - Necrotise             Necr           52%        1d6       4%          1

Your spell library contained the following spells:

 Spells                   Type           Power      Damage    Failure   Level
 Vampiric Draining        Necr           13%        2d6       14%         3
 Animate Dead             Necr           13%        N/A       41%         4
 Agony                    Necr           13%        N/A       77%         5


Dungeon Overview and Level Annotations

Branches:
Dungeon (1/15)

Altars:


Innate Abilities, Weirdness & Mutations

You are amphibious.
You cover ground slowly.
You can hop short distances.
You have an extended range of vision and can be seen from far away.


Message History

Unknown command.
A rat is nearby!
A rat is nearby!
A rat is nearby!
You can't see any susceptible monsters within range! (Use Z to cast anyway.)
The rat writhes in agony.
You kill the rat!
The dead are walking! 2 kobolds and a dart slug come into view.
A kobold is wielding a +2 short sword of speed.
The kobold shouts! x2
The kobold throws a stone.
The stone hits you. The dart slug launches a dart at you.
The slug dart misses you.
The kobold writhes in agony.
You kill the kobold!
The dead are walking!
The kobold barely resists.
The kobold hits your rat skeleton with a +2 short sword of speed.
You are out of magic!
You are out of magic!
Unknown command.
The kobold throws a stone.
The stone barely misses you.
Your kobold skeleton completely misses the kobold.
Your rat skeleton bites the kobold but does no damage.
The kobold hits you with a +2 short sword of speed.
Your kobold skeleton hits the kobold but does no damage.
The kobold closely misses you.
Your rat skeleton bites the kobold.
The dart slug bites you.
You hit the dart slug but do no damage.
The kobold hits you with a +2 short sword of speed.
Your kobold skeleton closely misses the kobold.
Your rat skeleton closely misses the kobold.
The kobold hits you with a +2 short sword of speed.
* * * LOW HITPOINT WARNING * * *
You hit the dart slug.
The dart slug is moderately wounded.
The dart slug launches a dart at you. The slug dart hits you.
You die...

.........♣ #.#..#......##......
##.♣.♣###♣#..#.##..............
#♣.♣♣ ............#.........
#≈## ##...#...###...........
### #...#.### #.......#...
##.....# #.####$.# .
.....#######.# #....
.............## .(...
......)w@.....# ....
.......KZ...#..........
....#...Z=...###.... ## ##
##.#####.... ... #. ..##.....
#. .... ... # ..### # ..# ###


You could see a dart slug, a kobold (ally target), a friendly rat skeleton and a
friendly kobold skeleton.

Vanquished Creatures
  2 bats (D:1)
  A hobgoblin (D:1)
  A kobold (D:1)
  A rat (D:1)
5 creatures vanquished.

Vanquished Creatures (collateral kills)
  A ball python (D:1)
1 creature vanquished.

Grand Total: 6 creatures vanquished

Notes
Turn   | Place    | Note
-------+----------+-------------------------------------------
     0 | D:1      | sanka the Barachi Necromancer began the quest for the Orb.
     0 | D:1      | Reached XP level 1. HP: 13/13 MP: 3/3
   109 | D:1      | Killed from afar by a dart slug

Illustrated notes

Levels and vault maps discovered:
D:1:      saegor_arrival_under_anarchy, layout_rooms

Action                     || total
---------------------------++-------
  Melee: Unarmed           ||     2
   Cast: Necrotise         ||     8
  Dodge: Dodged            ||     3
